Cogmind - Beta 13 @@@ ROGUE MODE // 2024.04.30 @ 10:38:08 Player: Oldman Pu Result: Destroyed by Autobeam Turret with Autobeam Performance ------------- Evolutions (0) 0 Regions Visited (2) 400 Robots Destroyed (29) 145 Value Destroyed (612) 612 Prototype IDs (0) 0 Alien Tech Used (0) 0 Bonus (0) 0 TOTAL SCORE: 1157 Bonus ------- None Cogmind --------- Core Integrity 0/250 Matter 253/300 Energy 200/200 System Corruption 2% Temperature Cool (12) Movement Rolling (130) Ox2 Location -10/Subcaves Parts ------- > --- POWER (1) -------- Subdweller Power Source > --- PROPULSION (2) --- Subdweller Monowheel Subdweller Monowheel > --- UTILITY (2) ------ Huge Storage Unit Light Armor Plating > --- WEAPON (2) ------- Beam Cannon Battle Rifle > --- INVENTORY (25) --- Improved Heat Sink High-capacity Battery (250) High-capacity Matter Pod (200) Light Armor Plating Light Armor Plating Beam Cannon Beam Cannon Subdweller Beam Cannon Subdweller Beam Cannon Assault Rifle Light Assault Rifle Light Assault Rifle Light Assault Rifle Autogun Autogun Autogun Subdweller Machine Gun Peak State ------------ > --- POWER ------------ Subdweller Power Source > --- PROPULSION ------- Subdweller Monowheel Subdweller Monowheel > --- UTILITY ---------- Huge Storage Unit Core Shielding > --- WEAPON ----------- Beam Cannon Autogun > --- INVENTORY -------- Improved Heat Sink High-capacity Battery High-capacity Matter Pod Light Armor Plating Light Armor Plating Light Armor Plating Beam Cannon Beam Cannon Assault Rifle Light Assault Rifle Light Assault Rifle Light Assault Rifle Autogun Autogun Autogun Subdweller Machine Gun [Rating: 13] Favorites ----------- Power Light Nuclear Core Engine Light Ion Engine Power Core Light Nuclear Core Propulsion Compact Wheel Wheel Compact Wheel Utility Huge Storage Unit Storage Huge Storage Unit Protection Core Shielding Weapon Assault Rifle Energy Cannon Beam Cannon Ballistic Gun Assault Rifle Build | -11 -10 -10 ------- Run | Yrd Mat Sub Slots Evolved . | . . . Power . | . . . Propulsion . | . . . Utility . | . . . Weapon . | . . . Parts Attached 25 | 7 12 6 Power 4 | 1 2 1 Engine 3 | 1 1 1 Core 1 | . 1 . Reactor . | . . . Propulsion 8 | 2 4 2 Treads . | . . . Leg . | . . . Wheel 8 | 2 4 2 Hover . | . . . Flight . | . . . Utility 4 | 1 2 1 Device . | . . . Storage 2 | 1 1 . Processor . | . . . Hackware . | . . . Protection 2 | . 1 1 Artifact . | . . . Weapon 9 | 3 4 2 Energy Gun . | . . . Energy Cannon 2 | . 2 . Ballistic Gun 7 | 3 2 2 Ballistic Cannon . | . . . Launcher . | . . . Special Weapon . | . . . Impact Weapon . | . . . Slashing Weapon . | . . . Piercing Weapon . | . . . Special Melee Weapon . | . . . Unidentified Prototypes . | . . . Parts Lost 7 | . 3 4 Power 2 | . 2 . Propulsion 3 | . 1 2 Utility 1 | . . 1 Weapon 1 | . . 1 Highest Loss Streak 3 | . 2 3 To Critical Strikes . | . . . Average Slot Usage (%) 93 | . 93 91 Engine 7 | . 6 12 Core 3 | . 3 . Wheel 25 | . 26 22 Storage 14 | . 14 14 Protection 13 | . 13 13 Energy Cannon 10 | . 9 14 Ballistic Gun 17 | . 18 14 Naked Turns . | . . . Heaviest Build 93 | 11 91 93 Greatest Support 40 | 32 32 40 Greatest Overweight (x) 30 | 2 5 30 Average Overweight (x) 2 | . 2 3 Largest Inventory Capacity 25 | 8 25 25 Average Capacity 23 | 7 24 25 Most Carried 19 | 1 16 19 Average Carried 9 | . 8 16 Final Capacity 25 | 8 25 25 Final Carried 17 | 1 16 17 Class Distribution -------------------- 100% | Mutant Dominant Class ---------------- Mutant | -10/Materials Mutant | -10/Subcaves Resources | -11 -10 -10 ----------- Run | Yrd Mat Sub Matter Collected 967 | 218 643 106 Remotely . | . . . Salvage Created 1197 | . 895 302 Parts 68 | . 48 20 Haulers Intercepted 2 | . 2 . Recyclers Shooed 1 | . 1 . Parts Field Recycled . | . . . Retrieved Matter . | . . . Parts Self-Destructed 6 | . . 6 Prevented . | . . . Kills | -11 -10 -10 ------- Run | Yrd Mat Sub Combat Hostiles Destroyed 19 | . 13 6 Guns 12 | . 8 4 Cannons 7 | . 5 2 Classes Destroyed 8 | . 6 2 Worker 2 | . 2 . Hauler 2 | . 2 . Recycler 2 | . 2 . Turret 1 | . . 1 Watcher 3 | . 3 . Swarmer 7 | . 3 4 Grunt 10 | . 10 . Subdweller 2 | . . 2 Best Kill Streak 4 | . 4 4 Combat Bots Only 4 | . 3 4 Max Kills in Single Turn 1 | . 1 1 Gunslinging . | . . . Exploded . | . . . Melee . | . . . Uniques/NPCs Destroyed . | . . . Combat | -11 -10 -10 -------- Run | Yrd Mat Sub Hostile Shots Fired 133 | . 66 67 Missed 35 | . 13 22 Damage Taken 1168 | . 622 546 Core 257 | . 137 120 Absorbed by Shields . | . . . Redirected to Shielding 50 | . 29 21 Core Remaining (%) 100 | 100 . . Volleys Fired 117 | . 83 34 Largest 2 | . 2 2 Hottest 85 | . 80 85 Shots Fired 234 | . 166 68 Gun 145 | . 111 34 Cannon 89 | . 55 34 Launcher . | . . . Special . | . . . Kinetic 145 | . 111 34 Thermal 89 | . 55 34 Explosive . | . . . Electromagnetic . | . . . Robot Hit Streak 31 | . 11 31 Robot Miss Streak 4 | . 4 4 Penetration Max . | . . . Secondary Targets . | . . . Shots Hit Robots 157 | . 107 50 Core Hits 56 | . 40 16 Critical Kills 1 | . 1 . Critical Parts Destroyed . | . . . Critical Strikes 1 | . 1 . Destroy 1 | . 1 . Melee Attacks . | . . . Impact . | . . . Slashing . | . . . Piercing . | . . . Sneak Attacks . | . . . Combat Hostiles . | . . . Follow-up Attacks . | . . . Damage Inflicted 2233 | . 1435 798 Guns 1128 | . 804 324 Cannons 1105 | . 631 474 Explosions . | . . . Melee . | . . . Ramming . | . . . Kinetic 1128 | . 804 324 Thermal 1105 | . 631 474 Explosive . | . . . Electromagnetic . | . . . Impact . | . . . Slashing . | . . . Piercing . | . . . Highest Corruption 2 | . 2 2 Average Corruption 1 | . 1 2 Corruption Purged . | . . . Corruption Blocked . | . . . Effects 12 | . 10 2 Message Errors 6 | . 5 1 Matter Fused 1 | . 1 . Heat Flow Errors 3 | . 2 1 Energy Discharges 2 | . 2 . Overload Shots . | . . . Overflow Damage . | . . . Projectiles . | . . . Explosions . | . . . Melee . | . . . Knockbacks . | . . . Impact . | . . . Kinetic . | . . . Secondary . | . . . Self-Inflicted Damage . | . . . Shots . | . . . Rammed . | . . . Targets Rammed . | . . . Kicked . | . . . Crushed . | . . . Highest Temperature 324 | . 324 170 Average Temperature 61 | . 68 30 Received Heat Transfer 534 | . 294 240 Siege Activations . | . . . Robots Corrupted . | . . . Combat Hostiles . | . . . Parts Fried . | . . . Impact Corruptions . | . . . Robots Melted . | . . . Combat Hostiles . | . . . Parts Melted . | . . . Heat Transferred 2331 | . 1332 999 Parts Sabotaged . | . . . Parts Stolen . | . . . Parts Stripped . | . . . Power Chain Reactions . | . . . Alert | -11 -10 -10 ------- Run | Yrd Mat Sub Peak Influence 195 | . 195 . Initial . | . . . Average 73 | . 76 . Maximum Alert Level . | . . . Low Security (%) 100 | 100 100 . Level 1 . | . . . Level 2 . | . . . Level 3 . | . . . Level 4 . | . . . Level 5 . | . . . High Security . | . . . Max Security . | . . . Squads Dispatched 3 | . 3 . Investigation 1 | . 1 . Extermination . | . . . Reinforcement 2 | . 2 . Assault . | . . . Garrison . | . . . Intercept . | . . . Searches Triggered . | . . . Construction Impeded . | . . . Haulers Reinforced . | . . . Active Scanning Responses . | . . . Cargo Convoy Interrupts . | . . . Stealth | -11 -10 -10 --------- Run | Yrd Mat Sub Distress Signals 1 | . 1 . Communications Jammed . | . . . Distress Signals . | . . . Times Spotted 50 | . 24 26 Peak Tracking Total 4 | . 4 4 Tactical Retreats 3 | . . 3 Traps | -11 -10 -10 ------- Run | Yrd Mat Sub Traps Triggered 4 | . 4 . Indirectly . | . . . Trap Hack Attempts . | . . . Triggered . | . . . Disarmed . | . . . Reprogrammed . | . . . Reused . | . . . Traps Extracted . | . . . Installed . | . . . Triggered . | . . . Machines | -11 -10 -10 ---------- Run | Yrd Mat Sub Machines Disabled 1 | . . 1 Max in Single Turn 1 | . . 1 Machines Repaired . | . . . Machines Dismantled . | . . . Machines Sabotaged . | . . . Overloaded Fab Kills . | . . . Hacking | -11 -10 -10 --------- Run | Yrd Mat Sub Machines Accessed 4 | . 4 . Terminals 3 | . 3 . Fabricators . | . . . Repair Stations . | . . . Recycling Units 1 | . 1 . Scanalyzers . | . . . Garrison Access . | . . . Total Hacks 9 | . 9 . Successful 5 | . 5 . Failed 4 | . 4 . Catastrophic 2 | . 2 . Database Lockouts . | . . . Manual . | . . . Terminals 7 | . 7 . Fabricators . | . . . Repair Stations . | . . . Recycling Units 2 | . 2 . Scanalyzers . | . . . Garrison Access . | . . . Terminal Hacks 4 | . 4 . Record 3 | . 3 . Hauler Manifests 1 | . 1 . Fabricator Hacks . | . . . Repair Station Hacks . | . . . Recycling Unit Hacks 1 | . 1 . Retrieve Components 1 | . 1 . Scanalyzer . | . . . Garrison Access Hacks . | . . . Unauthorized Hacks . | . . . Terminals . | . . . Fabricators . | . . . Repair Stations . | . . . Recycling Units . | . . . Scanalyzers . | . . . Garrison Access . | . . . Data Cores Recovered . | . . . Used . | . . . Hacking Detections 2 | . 2 . Full Trace Events 1 | . 1 . Feedback Events . | . . . Feedback Blocked . | . . . Robot Schematics Acquired . | . . . Robots Built . | . . . Authchips . | . . . Time . | . . . Total Robot Build Rating . | . . . Part Schematics Acquired . | . . . Parts Built . | . . . Authchips . | . . . Time . | . . . Total Part Build Rating . | . . . Parts Repaired . | . . . Time . | . . . Parts Recycled . | . . . Recycled Matter . | . . . Retrieved Matter . | . . . Retrieved Components 10 | . 10 . Parts Scanalyzed . | . . . Part Schematics Acquired . | . . . Parts Damaged . | . . . Bothacking | -11 -10 -10 ------------ Run | Yrd Mat Sub Used RIF Installer . | . . . Robots Hacked . | . . . Non-combat . | . . . Combat . | . . . Robot Hacks Applied . | . . . Relay Couplers Released . | . . . Fabnet Peak Effective % . | . . . Robots Rewired . | . . . Allies Hacked . | . . . Hacks Repelled . | . . . Allies | -11 -10 -10 -------- Run | Yrd Mat Sub Total Allies . | . . . Largest Group . | . . . Highest-Rated Group . | . . . Highest-Rated Ally . | . . . Total Orders . | . . . Ally Attacks . | . . . Total Damage . | . . . Kills . | . . . Allies Corrupted . | . . . Allies Melted . | . . . Intel | -11 -10 -10 ------- Run | Yrd Mat Sub Robot Analysis Total . | . . . Derelict Logs Recovered 1 | . . 1 Drone Launches . | . . . Drone Recoveries . | . . . Exploration | -11 -10 -10 ------------- Run | Yrd Mat Sub Turns Passed 1698 | 47 1364 287 Spaces Moved 861 | 36 735 90 Core 15 | 12 . 3 Treads . | . . . Legs . | . . . Wheels 846 | 24 735 87 Hover . | . . . Flight . | . . . Fastest Speed 50 | 50 100 130 Average Speed 139 | 102 136 180 Slowest Speed 1550 | 150 175 1550 Overloaded Moves . | . . . Propulsion Burnouts . | . . . Robots Hopped . | . . . Cave-ins Triggered . | . . . Exploration Rate (%) 38 | 4 100 10 Regions Visited 2 Branch Regions 1 Pre-discovered Areas . | . . . Known Exits Taken . | . . . Unknown Exits Taken 2 | 1 1 . Scrap Searched . | . . . Spaces Dug . | . . . Terrain Destroyed . | . . . Melee . | . . . Projectile . | . . . AOE . | . . . Terrain Rammed . | . . . Walls Destroyed . | . . . Machines Disabled . | . . . Actions | -11 -10 -10 --------- Run | Yrd Mat Sub Total 1124 | 42 933 149 Wait 98 | . 83 15 Move 859 | 35 734 90 Hop . | . . . Pick Up 18 | . 15 3 Fast Attach 13 | 6 4 3 Attach 2 | . . 2 Detach . | . . . Swap 10 | 1 8 1 Drop 7 | . 6 1 Fire 117 | . 83 34 Melee . | . . . Ram . | . . . Kick . | . . . Crush . | . . . Escape Stasis . | . . . Rewire . | . . . Trap . | . . . Miscellaneous . | . . . Route ------- -11/Scrapyard -10/Materials (discovered 6 exits: [*Mat x3] / [*Min x2] / [*Sub]) -10/Subcaves (discovered 1 exit: [*Rec]) History --------- Turn | Location | Event 29 | -11/Scrapyard | Discovered new exit (range 16) 48 | -11/Scrapyard | Entered Materials 314 | -10/Materials | Build established: Mutant 331 | -10/Materials | Discovered new exit (range 15) 571 | -10/Materials | Discovered new exit (range 16) 842 | -10/Materials | Discovered new exit (range 12) 941 | -10/Materials | Discovered new exit (range 15) 1096 | -10/Materials | Core integrity fell below 50% 1137 | -10/Materials | Discovered new exit (range 9) 1195 | -10/Materials | Discovered new exit (range 13) 1412 | -10/Materials | Entered Subcaves 1422 | -10/Subcaves | Learned Materials garrison access intel 1507 | -10/Subcaves | Shifting Twisted Machinery released Battle Rifle 1535 | -10/Subcaves | Core integrity fell below 20% 1566 | -10/Subcaves | Lost 3 parts (2n1w) 1640 | -10/Subcaves | Shifting Twisted Machinery released Enh. Flamer 1673 | -10/Subcaves | Discovered new exit (range 10) 1699 | -10/Subcaves | Destroyed by Autobeam Turret with Autobeam Last Messages --------------- 01600_ Acquired Sub. Monowheel. 01603_ Acquired Sub. Beam Cannon. 01609_ Acquired 22 matter. 01624_ Dropped Autogun. Enh. Flamer falls loose from the Twisted Machinery. 01652_ S-10 Pest destroyed. 01662_ Flight Unit fries itself beyond repair. 01667_ Lgt. Ion Engine fries itself beyond repair. 01667_ S-10 Pest destroyed. 01668_ Core Shielding destroyed. 01670_ Lgt. Assault Rifle fries itself beyond repair. 01670_ S-10 Pest destroyed. 01673_ EXIT=FOUND 01674_ Machine disabled. 01676_ Lgt. Assault Rifle fries itself beyond repair. 01681_ Flight Unit fries itself beyond repair. 01684_ Lgt. Ion Engine fries itself beyond repair. 01693_ Destroyed Autobeam. 01696_ Autobeam Turret destroyed. 01698_ Acquired 13 matter. Map ----- +----------------------------------------------------+ | ???????????????????????????????????????????????? ? | | ?????????????????????????????????????????????? | | ????????????????????????????????????????????? | | ?????????????????????????????????????????????# # | | ?????????????????????????????????????????????# | | ?????????????????????????????????????????????? # | | ??????????????????????# ??????????????????#### # | | ??????????????????????? ??????? #????????## ## | | ??????????????????????? ?????? ##????### ## | | ??????????????????????## ?????? #???## | | ?????????????????????## #?????? ##?## | | ?????????????????????# #?????# ### | | ????????????????????## ??####" | | ???????????????????## ??# "" | | ????????????????#?## ###"""" """""""" | | ??????????????# # # "| """"""""[ | | ?????????????? "" ### " " " | | ?????????????? " "#?## """" | | ???????????????????# ##??## | | ???????????????????### ##????## ####### | | ?????????????????????### #??????#####?????#### | | ?????????????????#?????## #???????????????????? | | ?????????????????#""????## ##??????????????????? | | ?????????????????#" ??## #??????????????????? | | ?????????????????#" # #??????????????????? | | ?????????????????#""t %@ ####??????????????????? | | ????????????????#< #?????????????????????? | | ????????????????## % ##?????????????????????? | | ?????????????????#" ###??????????????????????? | | ?????????????????# ?????????????????????????? | | ?????????????????# %%"?????????????????????????? | | ?????????????????######??????????????????????????? | | ?????????????????????????????????????????????????? | | ?????????????????????????????????????????????????? | | ?????????????????????????????????????????????????? | | ?????????????????????????????????????????????????? | | ?????????????????????????????????????????????????? | | ?????????????????????????????????????????????????? | | ?????????????????????????????????????????????????? | | ?????????????????????????????????????????????????? | | ?????????????????????????????????????????????????? | | ?????????????????????????????????????????????????? | | ?????????????????????????????????????????????????? | | ?????????????????????????????????????????????????? | | ?????????????????????????????????????????????????? | | ?????????????????????????????????????????????????? | | ?????????????????????????????????????????????????? | | ?????????????????????????????????????????????????? | | ?????????????????????????????????????????????????? | | ?????????????????????????????????????????????????? | +----------------------------------------------------+ Best States ------------- Heat Dissipation 25 Energy Generation 15 Energy Capacity 250 Matter Stores 300 Matter Capacity 300 Sight Range 16 Terrain Scan Density 10 Armor Coverage 150 Core Shielding 20 Evasion (%) 40 Item Schematics ----------------- None Robot Schematics ------------------ None Fabricated ------------ Nothing Alien Tech Used ----------------- None Achievements -------------- None Challenges ------------ None Game ------ Seed DrainedChargeFlamer Manual? 0 Play Time 00:14:33 Cumulative 290.0 hours Start 2024.04.30 @ 10:24:23 End 2024.04.30 @ 10:38:08 Sessions 1 Manual Loads 0 Difficulty Rogue Special Mode None Game No. 237 Rogue 225 Adventurer 12 Explorer 0 Win Type - Total 1 Types 1/0/0/0/0/0/0/0/0 Lore% 34 Gallery% 51 Achievement% 37 Wizard Run 0 Options --------- Layout 1 ASCII 0 Keyboard 0 Movement Mouse Keybinds 0 Fullscreen 1 Font 32/SmallcapsGlow Map View 77x35 Zoom Use 0% Tactical HUD 1 Map Filters NONE Filters NONE Steam 1 RUN: 111b08b1-9963-4ac1-b142-283683ce9124